 Dungeon Crawl Stone Soup version 0.28.0-53-g5a82cb258f (webtiles) character file.

Game seed: 16295981865801906103

50 Stomo the Grave Robber (level 3, -6/28 HPs)
             Began as a Ghoul Necromancer on July 10, 2022.
             Mangled by an iguana (10 damage)
             ... on level 3 of the Dungeon.
             The game lasted 00:03:39 (1879 turns).

Stomo the Grave Robber (Ghoul Necromancer)          Turns: 1879, Time: 00:03:40

Health: -6/28      AC:  4    Str: 13    XL:     3   Next: 79%
Magic:  2/5        EV: 12    Int: 10    God:
Gold:   56         SH:  0    Dex:  9    Spells: 2/6 levels left

rFire   . . .      SeeInvis .   f - +1 mace (protect)
rCold   + . .      Faith    .   (no shield)
rNeg    + + +      Spirit   .   a - +0 robe
rPois   ∞          Reflect  .   (no helmet)
rElec   .          Harm     .   (no cloak)
rCorr   .          Rampage  .   i - +1 pair of gloves
Will    .....                   (no boots)
Stlth   ++........              (no amulet)
HPRegen 0.00/turn               (no ring)
MPRegen 0.09/turn               (no ring)

@: inhibited regen
A: claws 1, cold resistance 1, negative energy resistance 3, inhibited
regeneration, torment resistance 2
a: no special abilities


You were on level 3 of the Dungeon.
You visited 1 branch of the dungeon, and saw 3 of its levels.

You collected 56 gold pieces.

Inventory:

Hand Weapons
 e - a +0 mace
 f - a +1 mace of protection (weapon)
Armour
 a - a +0 robe (worn)
 i - a +1 pair of gloves (worn)
Scrolls
 b - 3 scrolls of identify
 j - a scroll of blinking {unknown}
 k - a scroll of fear {unknown}
 l - a scroll of enchant armour {unknown}
Potions
 c - a potion of heal wounds
 d - a potion of lignification {unknown}
 g - 2 potions of brilliance {unknown}
 h - a potion of haste {unknown}


   Skills:
 + Level 1.4 Fighting
 + Level 2.4 Dodging
 - Level 2.3 Stealth
 - Level 2.0 Spellcasting
 + Level 4.4 Necromancy


You had 2 spell levels left.
You knew the following spells:

 Your Spells              Type           Power      Damage    Failure   Level
a - Pain                  Necr           36%        1d5       4%          1
b - Vampiric Draining     Necr           9%         2d6       16%         3

Your spell library contained the following spells:

 Spells                   Type           Power      Damage    Failure   Level
 Animate Skeleton         Necr           18%        N/A       4%          1
 Magic Dart               Conj           4%         1d3       30%         1
 Call Imp                 Summ           1%         N/A       43%         2
 Animate Dead             Necr           4%         N/A       45%         4
 Mephitic Cloud           Conj/Pois/Air  1%         N/A       67%         3
 Agony                    Necr           9%         N/A       80%         5


Dungeon Overview and Level Annotations

Branches:
Dungeon (3/15)

Altars:


Innate Abilities, Weirdness & Mutations

You thrive by killing the living.
You are immune to poison.
You have sharp fingernails.
Your flesh is cold resistant. (rC+)
You are immune to negative energy. (rN+++)
You do not regenerate when monsters are visible.
You are immune to unholy pain and torment.


Message History

Your weapon exudes an aura of protection.
The endoplasm is almost dead.
The endoplasm hits you but does no damage.
The iguana bites you! The endoplasm freezes you.
You are frozen.
You resist.
You sock the endoplasm!
You kill the endoplasm!
You feel better. The iguana closely misses you.
You hit the iguana.
The iguana is moderately wounded.
The iguana bites you!
You are too injured to fight recklessly!
Casting: Pain (safe; 4% risk of failure)
Confirm with . or Enter, or press ? or * to list all spells.
The spell is quite dangerous to miscast (16% risk of failure)!
Continue anyway?
Okay, then.
Casting: Vampiric Draining (quite dangerous; 16% risk of failure)
Confirm with . or Enter, or press ? or * to list all spells.
The spell is quite dangerous to miscast (16% risk of failure)!
Continue anyway?
Aiming: Vampiric Draining (quite dangerous; 16% risk of failure)
Press: ? - help, Shift-Dir - straight line, f - iguana
Aim: an iguana (moderately wounded)
You draw life force from the iguana.
You feel life coursing into your body.
The iguana bites you but does no damage.
Unknown command.
You sock the iguana!
Your weapon exudes an aura of protection.
The iguana is almost dead.
The iguana completely misses you. The iguana bites you!
* * * LOW HITPOINT WARNING * * *
Unknown command.
You barely miss the iguana.
The iguana is almost dead.
The iguana barely misses you.
Unknown command.
You closely miss the iguana.
The iguana is almost dead.
The iguana bites you!
You die...

#............###
#...........+#
#...........#
#.....>.....#
#...........#
#.#...####..#
...+...# ..#
#.#.#...# ..#
#.#@### ## # ...
#.#l# ..
....##+#..o##.#
......†.......#
..............#
####..........#
#.........[#
.............#
.............#


You could see an iguana and an orc.

Vanquished Creatures
  A dart slug (D:1)
  11 endoplasms
  2 giant cockroaches (D:1)
  5 goblins
  3 hobgoblins (D:1)
  A quokka (D:1)
  7 ball pythons
  2 bats (D:2)
  3 frilled lizards
  4 kobolds
  2 rats
41 creatures vanquished.

Vanquished Creatures (others)
  3 plants (D:1)
3 creatures vanquished.

Grand Total: 44 creatures vanquished

Notes
Turn   | Place    | Note
-------+----------+-------------------------------------------
     0 | D:1      | Stomo the Ghoul Necromancer began the quest for the Orb.
     0 | D:1      | Reached XP level 1. HP: 14/14 MP: 2/2
   131 | D:1      | Reached XP level 2. HP: 17/20 MP: 3/3
   505 | D:1      | Found a faded altar of an unknown god.
   682 | D:1      | Reached XP level 3. HP: 27/27 MP: 0/5
   755 | D:1      | Reached skill level 1 in Fighting
  1380 | D:2      | Learned a level 3 spell: Vampiric Draining
  1879 | D:3      | Mangled by an iguana

Illustrated notes

Levels and vault maps discovered:
D:1:      minmay_arrival_nine_rooms, layout_basic,
          dreamdust_ecumenical_altar_grove, serial_bayou_ford_a
D:2:      layout_rooms
D:3:      layout_basic, hellmonk_ghost_happy_afterlife,
          cheibrodos_sewer_entry_drain, kennysheep_pointless_box

Skill      XL: |  1  2  3 |
---------------+----------+-----
Dodging        | 2 |  2.4
Spellcasting   | 2 |  2.0
Fighting       | 1 |  1.4
Stealth        | |  2.3
Necromancy     | |  4.4

Action                   || total
-------------------------++-------
Melee: Unarmed           ||    17
       Mace              ||    53
 Cast: Pain              ||    45
       Vampiric Draining ||     1
  Use: Scroll            ||     1
 Stab: Sleeping          ||     1
Armor: Robe              ||    24
Dodge: Dodged            ||    59
